 Dungeon Crawl Stone Soup version 0.19-a0-1676-g39ae8cc (webtiles) character file.

108 rjrrt the Chopper (level 4, -5/39 HPs)
             Began as a Minotaur Berserker on Sept 23, 2016.
             Was a Believer of Trog.
             Killed by divine providence
             ... invoked by an orc priest
              (11 damage)
             ... on level 3 of the Dungeon.
             The game lasted 00:02:06 (1175 turns).

rjrrt the Chopper (Minotaur Berserker)              Turns: 1175, Time: 00:02:07

Health: -5/39      AC:  8    Str: 22    XL:     4   Next: 58%
Magic:  3/3        EV:  8    Int:  4    God:    Trog [**....]
Gold:   55         SH:  0    Dex: 10    Spells: 0 memorised, 3 levels left

rFire  . . .     SeeInvis .     a - +0 hand axe
rCold  . . .     Gourm    .     k - +0 chain mail
rNeg   . . .     Faith    .     (no shield)
rPois  .         Spirit   .     (helmet restricted)
rElec  .         Dismiss  .     (no cloak)
rCorr  .         Reflect  .     (no gloves)
MR     .....     Harm     .     (no boots)
Stlth  ..........               (no amulet)
                                (no ring)
                                (no ring)

@: no status effects
A: retaliatory headbutt, horns 2
a: Berserk, Trog's Hand, Burn Spellbooks, Renounce Religion


You were on level 3 of the Dungeon.
You worshipped Trog.
Trog was pleased with you.
You were near starving.

You visited 1 branch of the dungeon, and saw 3 of its levels.

You collected 55 gold pieces.

Inventory:

Hand Weapons
 a - a +0 hand axe (weapon)
Armour
 k - a +0 chain mail (worn)
Scrolls
 e - a scroll of enchant weapon {unknown}
 f - 4 scrolls of recharging {unknown}
 g - 2 scrolls of teleportation {unknown}
Potions
 h - a potion of mutation {unknown}
 i - a potion of cancellation {unknown}
Comestibles
 b - 2 beef jerkies
 c - a bread ration
 j - a meat ration


   Skills:
 - Level 3.6 Fighting
 + Level 6.5 Axes
 - Level 2.4 Armour
 - Level 2.1 Dodging


You had 3 spell levels left.
You didn't know any spells.

Dungeon Overview and Level Annotations

Branches:
Dungeon (2/15)

Altars:


Innate Abilities, Weirdness & Mutations

You reflexively headbutt those who attack you in melee.
You have a pair of horns on your head.


Message History

You're too hungry to go berserk.
Unknown command.
You are too injured to fight recklessly!
You are too injured to fight recklessly!
Unknown command.
You are too injured to fight recklessly!
Unknown command.
Unknown command.
You hit the orc.
The orc is lightly wounded.
The orc hits you with a flail.
* * * LOW HITPOINT WARNING * * *
You barely miss the orc. The orc completely misses you.
You hit the orc. Your headbutt misses the orc.
The orc is moderately wounded.
You hit the orc. The orc hits you.
* * * LOW HITPOINT WARNING * * *
The orc priest invokes the aid of Beogh against you.
Beogh smites you!
You die...

.......#.#.#.#.#.#.#.#.#.#.#.#...
#######.#.#.#.#.#.#.#.#.#.#.#.##.
#.#.#.#.#.#.#.#.#.#.#.#.#.# ###
..#.#.#.#.#.#.#.#.#.#.# #.##
...#.#.#.#.#.#.#.#.#.#.#.#. ##.
#<.#.#.#.#.#.#.#.#.#.#. ...
.#.#.#.#.#.#.#.#.#.#.#.#.
####.##.#.#.#.#.#o#o#.#o#.#o#
.....#.#.#.#.#.#@#.#.#.#.#.# ...#
#....#.#.#.#o#.#.#.#.# ...#
#...#.#.#.#.#o#.#.#.# ...#
#....#.#.#.#.#.#.#.# ...#
.#.#.#.#.#.#.#.#)# ...#
#.#.#.#.#.#.#.#.# ####
#.#.#.#.#.#.#.#.#.#
##.#.#.#.#'#.#.#.#.#
....#.#.#...#.#.#.#.#


You could see an orc priest and 2 orcs.

Vanquished Creatures
  An orc priest (D:3)
  An orc wizard (D:3)
  2 adders
  An ooze (D:1)
  A dart slug (D:1)
  3 orcs (D:3)
  3 giant cockroaches
  4 goblins
  3 jackals (D:3)
  3 bats
  3 frilled lizards (D:1)
  2 kobolds (D:1)
  4 rats
31 creatures vanquished.

Notes
Turn   | Place    | Note
-------+----------+-------------------------------------------
     0 | D:1      | rjrrt the Minotaur Berserker began the quest for the Orb.
     0 | D:1      | Reached XP level 1. HP: 19/19 MP: 0/0
    20 | D:1      | Reached skill level 4 in Axes
    42 | D:1      | Reached XP level 2. HP: 14/26 MP: 1/1
   158 | D:1      | Reached skill level 5 in Axes
   431 | D:1      | Reached XP level 3. HP: 22/31 MP: 2/2
   627 | D:2      | Reached ** piety under Trog
   629 | D:2      | You fall through a shaft!
   821 | D:3      | Reached XP level 4. HP: 7/39 MP: 3/3
   844 | D:3      | Reached skill level 6 in Axes
  1175 | D:3      | Killed from afar by an orc priest

Vault maps used:
D:1:      mrwooster_arrival_statue_2
D:2:      yredelemnul_forgotten_temple_becter, serial_forest,
          infiniplex_forest_clump_double, infiniplex_forest_corner_2,
          infiniplex_forest_clump_medium, infiniplex_forest_straight_3,
          infiniplex_forest_clump_C, infiniplex_forest_lined_2,
          infiniplex_forest_lined_2, uniq_iyjb, uniq_jessica
D:3:      kennysheep_slug_shrine, first_bread, uniq_robin

Skill      XL: |  1  2  3  4 |
---------------+-------------+-----
Axes           | 4 5 6 |  6.5
Fighting       | |  3.6
Armour         | |  2.4
Dodging        | |  2.1

Action                   |  1- 3 |  4- 6 || total
-------------------------+-------+-------++-------
Melee: Hand axe          |    80 |    24 ||   104
       Headbutt          |     7 |     7 ||    14
Invok: Berserk           |     2 |       ||     2
 Stab: Sleeping          |     1 |       ||     1
  Eat: Chunk             |     1 |       ||     1
Armor: Ring mail         |    20 |       ||    20
       Chain mail        |       |     4 ||     4
Dodge: Dodged            |    44 |    10 ||    54
